 Dungeon Crawl Stone Soup version 0.24-a0-487-g57318f2ed0 (webtiles) character file.

Game seed: 3877571592108179251

573 Akello the Digger (level 7, 0/51 HPs)
             Began as a Gnoll Earth Elementalist on July 10, 2019.
             Killed by divine providence
             ... invoked by an orc priest
              (14 damage)
             ... on level 4 of the Dungeon.
             The game lasted 00:06:41 (3922 turns).

Akello the Digger (Gnoll Earth Elementalist)        Turns: 3922, Time: 00:06:42

Health: 0/51       AC:  4    Str: 11    XL:     7   Next: 34%
Magic:  10/15      EV: 16    Int: 19    God:
Gold:   210        SH:  0    Dex: 21    Spells: 13/17 levels left

rFire    . . .     SeeInvis .   n - +4 dagger (pain)
rCold    . . .     Gourm    .   (no shield)
rNeg     . . .     Faith    .   c - +0 robe
rPois    .         Spirit   .   a - +1 helmet
rElec    .         Reflect  .   (no cloak)
rCorr    .         Harm     .   (no gloves)
MR       .....                  (no boots)
Stlth    +++.......             (no amulet)
HPRegen  0.17/turn              i - +6 ring of dexterity
MPRegen  0.14/turn              r - ring of wizardry

@: no status effects
A: distributed training, fangs 1, strong nose
a: no special abilities


You were on level 4 of the Dungeon.
You were very hungry.

You visited 2 branches of the dungeon, and saw 5 of its levels.

You collected 210 gold pieces.

Inventory:

Hand Weapons
 e - a +0 whip
 j - a +0 dagger of venom
 n - a +4 dagger of pain (weapon)
Missiles
 b - 36 stones (quivered)
 h - 50 poisoned darts
Armour
 a - a +1 helmet (worn)
 c - a +0 robe (worn)
 l - a +0 shield
Jewellery
 i - a +6 ring of dexterity (left hand)
 o - a +2 ring of intelligence
 r - a ring of wizardry (right hand)
Scrolls
 f - 5 scrolls of identify
 g - 3 scrolls of magic mapping
 m - 2 scrolls of enchant weapon {unknown}
 p - a scroll of remove curse
 q - a scroll of immolation {unknown}
Potions
 k - a potion of degeneration {unknown}
 s - a potion of heal wounds {unknown}
 t - a potion of curing {unknown}
 u - a potion of invisibility {unknown}
Comestibles
 d - 9 rations


   Skills:
 + Level 2.3 Fighting
 + Level 2.3 Short Blades
 + Level 2.3 Long Blades
 + Level 2.3 Axes
 + Level 2.3 Maces & Flails
 + Level 2.3 Polearms
 + Level 2.3 Staves
 + Level 2.3 Slings
 + Level 2.3 Bows
 + Level 2.3 Crossbows
 + Level 2.3 Throwing
 + Level 2.3 Armour
 + Level 5.2 Dodging
 + Level 4.8 Stealth
 + Level 2.3 Shields
 + Level 2.3 Unarmed Combat
 + Level 5.5 Spellcasting
 + Level 1.9 Conjurations
 + Level 1.9 Hexes
 + Level 1.9 Charms
 + Level 1.9 Summonings
 + Level 1.9 Necromancy
 + Level 1.9 Translocations
 + Level 2.9 Transmutations
 + Level 1.9 Fire Magic
 + Level 1.9 Ice Magic
 + Level 1.9 Air Magic
 + Level 5.8 Earth Magic
 + Level 1.9 Poison Magic
 + Level 2.6 Invocations
 + Level 2.3 Evocations


You had 13 spell levels left.
You knew the following spells:

 Your Spells              Type           Power        Failure   Level  Hunger
a - Sandblast             Erth           ####..       1%          1    None
b - Stone Arrow           Conj/Erth      ###...       2%          3    ##.....

Your spell library contained the following spells:

 Spells                   Type           Power        Failure   Level  Hunger
 Passwall                 Tmut/Erth      ###.....     1%          2    None
 Petrify                  Tmut/Erth      ###.....     8%          4    ####...
 Lee's Rapid Deconstruct  Erth           ####......   12%         5    #####..


Dungeon Overview and Level Annotations

Branches:
Dungeon (4/15)             Temple (1/1) D:4

Altars:
Ashenzari
Dithmenos
Elyvilon
Fedhas
Gozag
Hepliaklqana
Kikubaaqudgha
Makhleb
Nemelex Xobeh
Okawaru
Qazlal
Ru
Sif Muna
Trog
Wu Jian
Xom
Yredelemnul


Innate Abilities, Weirdness & Mutations

Your experience applies equally to all skills.
You have very sharp teeth.
Your uncanny sense of smell can sniff out nearby items.


Message History

Casting: Sandblast (safe; 1% risk of failure)
Confirm with . or Enter, or press ? or * to list all spells.
Aiming: Sandblast (safe; 1% risk of failure)
Press: ? - help, Shift-Dir - straight line, f/p - orc priest
Aim: an orc priest, wielding a +0 trident and wearing a +0 leather armour (moderately wounded)
The blast of sand hits the orc priest!
The orc priest is almost dead.
b - 37 stones The orc priest completely misses you.
Casting: Sandblast (safe; 1% risk of failure)
Confirm with . or Enter, or press ? or * to list all spells.
Aiming: Sandblast (safe; 1% risk of failure)
Press: ? - help, Shift-Dir - straight line, f/p - orc priest
Aim: an orc priest, wielding a +0 trident and wearing a +0 leather armour (almost dead)
The blast of sand misses the orc priest.
b - 36 stones The orc misses you.
The orc priest invokes the aid of Beogh against you.
Beogh smites you!
You die...

..............######.#####'###...
##########.......###.#.........##
.......>.'.......#...#.........#.
.........#.......#...#.........#.
.........#.......#...'.........#.
.........#.......#...#.........#.
.........#....o..#...#.........).
.........#....o..#...#.........#.
##########.....o@###'#.........##
..#........................#'####
..#........................#....#
..#..................(..>..#....#
..#........................#....#
###........................#...##
.......#+###########.....########
#.##...'....<......#.....+......+
#......#...........#.....#......#


You could see an orc priest, an orc wizard and an orc.

Vanquished Creatures
  The ghost of Thantalas the Shield-Bearer, an amateur DgFi (D:3)
  A phantom (D:4)
  A water moccasin zombie (D:3)
  An orc priest (D:4)
  An orc wizard (D:3)
  2 worker ants
  4 gnolls (D:4)
  5 adders
  An ooze (D:2)
  3 worms (D:3)
  3 dart slugs
  2 leopard geckos
  9 orcs
  10 giant cockroaches
  5 goblins
  8 hobgoblins
  2 quokkas
  5 ball pythons
  4 bats
  8 frilled lizards
  7 kobolds
  5 rats
88 creatures vanquished.

Notes
Turn   | Place    | Note
-------+----------+-------------------------------------------
     0 | D:1      | Akello the Gnoll Earth Elementalist began the quest for the
                  | Orb.
     0 | D:1      | Reached XP level 1. HP: 13/13 MP: 6/6
   130 | D:1      | Reached XP level 2. HP: 19/19 MP: 4/7
   948 | D:2      | Reached skill level 5 in Spellcasting
   948 | D:2      | Reached XP level 3. HP: 19/25 MP: 6/9
  1273 | D:2      | Reached skill level 1 in Invocations
  1288 | D:2      | Found a blossoming altar of Fedhas.
  1293 | D:2      | Reached skill level 1 in Fighting
  1293 | D:2      | Reached skill level 1 in Short Blades
  1293 | D:2      | Reached skill level 1 in Long Blades
  1293 | D:2      | Reached skill level 1 in Axes
  1293 | D:2      | Reached skill level 1 in Maces & Flails
  1293 | D:2      | Reached skill level 1 in Polearms
  1293 | D:2      | Reached skill level 1 in Staves
  1293 | D:2      | Reached skill level 1 in Slings
  1293 | D:2      | Reached skill level 1 in Bows
  1293 | D:2      | Reached skill level 1 in Crossbows
  1293 | D:2      | Reached skill level 1 in Throwing
  1293 | D:2      | Reached skill level 1 in Armour
  1293 | D:2      | Reached skill level 1 in Shields
  1293 | D:2      | Reached skill level 1 in Unarmed Combat
  1293 | D:2      | Reached skill level 1 in Evocations
  1417 | D:2      | Found a stormy altar of Qazlal.
  1479 | D:2      | Reached XP level 4. HP: 32/32 MP: 11/11
  1635 | D:2      | Learned a level 3 spell: Stone Arrow
  1662 | D:3      | Reached skill level 1 in Conjurations
  1662 | D:3      | Reached skill level 1 in Hexes
  1662 | D:3      | Reached skill level 1 in Charms
  1662 | D:3      | Reached skill level 1 in Summonings
  1662 | D:3      | Reached skill level 1 in Necromancy
  1662 | D:3      | Reached skill level 1 in Translocations
  1662 | D:3      | Reached skill level 1 in Fire Magic
  1662 | D:3      | Reached skill level 1 in Ice Magic
  1662 | D:3      | Reached skill level 1 in Air Magic
  1662 | D:3      | Reached skill level 1 in Poison Magic
  1662 | D:3      | Reached XP level 5. HP: 27/37 MP: 12/12
  1840 | D:3      | Found a sacrificial altar of Ru.
  1945 | D:3      | Found a runed translucent door.
  1990 | D:3      | Noticed Thantalas's ghost (amateur DgFi)
  2070 | D:3      | Killed Thantalas's ghost
  2070 | D:3      | Reached XP level 6. HP: 14/44 MP: 3/14
  2410 | D:3      | Reached skill level 5 in Dodging
  2455 | D:3      | Found a shattered altar of Ashenzari.
  2459 | D:3      | Found a burning altar of Makhleb.
  2480 | D:3      | Found a hazy altar of Hepliaklqana.
  2482 | D:3      | Found an opulent altar of Gozag.
  2644 | D:3      | Found a runed translucent door.
  2910 | D:3      | Found an iron altar of Okawaru.
  3137 | D:4      | Noticed a phantom
  3148 | D:4      | Killed a phantom
  3148 | D:4      | Reached XP level 7. HP: 41/50 MP: 5/15
  3518 | D:4      | Found a staircase to the Ecumenical Temple.
  3542 | Temple   | Entered the Ecumenical Temple
  3922 | D:4      | Killed from afar by an orc priest

Levels and vault maps discovered:
D:1:      ncdulo_lavacross, layout_basic, minmay_pentomino_z4
D:2:      layout_rooms, grunt_temple_overflow_forces_of_nature, first_ration,
          serial_park_tiny_pond
D:3:      layout_loops_ring, nicolae_ru_the_path_less_chosen,
          lemuel_doored_altar, minitemple, ebering_ghost_sewer_f
D:4:      layout_gridville, minmay_temple_entry_ruins, minmay_starry_boxes
Temple:   grunt_temple_mini_profane

Skill      XL: |  1  2  3  4  5  6 |
---------------+-------------------+-----
Transmutations | 2 |  2.9
Spellcasting   | 5 |  5.5
Invocations    | 1 2 |  2.6
Fighting       | 1 2 |  2.3
Short Blades   | 1 2 |  2.3
Long Blades    | 1 2 |  2.3
Axes           | 1 2 |  2.3
Maces & Flails | 1 2 |  2.3
Polearms       | 1 2 |  2.3
Staves         | 1 2 |  2.3
Slings         | 1 2 |  2.3
Bows           | 1 2 |  2.3
Crossbows      | 1 2 |  2.3
Throwing       | 1 2 |  2.3
Armour         | 1 2 |  2.3
Shields        | 1 2 |  2.3
Unarmed Combat | 1 2 |  2.3
Evocations     | 1 2 |  2.3
Conjurations   | 1 |  1.9
Hexes          | 1 |  1.9
Charms         | 1 |  1.9
Summonings     | 1 |  1.9
Necromancy     | 1 |  1.9
Translocations | 1 |  1.9
Fire Magic     | 1 |  1.9
Ice Magic      | 1 |  1.9
Air Magic      | 1 |  1.9
Poison Magic   | 1 |  1.9
Dodging        | 5 |  5.2
Stealth        | |  4.8
Earth Magic    | |  5.8

Action                   |  1- 3 |  4- 6 |  7- 9 || total
-------------------------+-------+-------+-------++-------
Melee: Whip              |    15 |       |       ||    15
       Dagger            |    26 |    85 |    21 ||   132
       Bite              |     7 |     5 |     2 ||    14
       Punch             |       |     1 |       ||     1
 Cast: Sandblast         |    23 |    39 |    17 ||    79
       Stone Arrow       |       |     5 |     1 ||     6
  Use: Scroll            |       |     8 |       ||     8
 Stab: Sleeping          |     1 |     9 |     1 ||    11
  Eat: Ration            |     1 |       |       ||     1
       Chunk             |       |     3 |     2 ||     5
Armor: Robe              |     7 |    12 |     3 ||    22
Dodge: Dodged            |    26 |    78 |    12 ||   116

Table legend:
 A = Non-vault XP
 B = Vault XP
 C = Vault XP percentage of total XP
 D = Non-vault monster count
 E = Vault monster count
 F = Vault count percentage of total count
                 A         B        C        D         E       F
            +---------+---------+-------+---------+---------+-------
      Total |     575 |     244 |  29.8 |      77 |      11 |  12.5
            +---------+---------+-------+---------+---------+-------
        D:1 |      24 |       6 |  20.0 |      14 |       3 |  17.6
        D:2 |      60 |       0 |   0.0 |      18 |       0 |   0.0
        D:3 |     220 |     219 |  49.9 |      31 |       5 |  13.9
        D:4 |     271 |      19 |   6.6 |      14 |       3 |  17.6
            +---------+---------+-------+---------+---------+-------
